 Dungeon Crawl Stone Soup version 0.28-a0-425-gd0eccab798 (webtiles) character file.

Game seed: 348856480618520723

1088 dracfodder the Chiller (level 8, -6/43 HPs)
             Began as a Gargoyle Ice Elementalist on Sept 8, 2021.
             Mangled by an ice beast (14 damage)
             ... on level 6 of the Dungeon on Sept 9, 2021.
             The game lasted 00:41:12 (7051 turns).

dracfodder the Chiller (Gargoyle Ice Elementalist)  Turns: 7051, Time: 00:41:14

Health: -6/43      AC: 16    Str: 13    XL:     8   Next: 30%
Magic:  7/16       EV: 12    Int: 17    God:
Gold:   232        SH:  0    Dex: 10    Spells: 10/18 levels left

rFire   . . .      SeeInvis .   b - +5 hand axe
rCold   . . .      Faith    .   (no shield)
rNeg    + + .      Spirit   .   p - +0 robe
rPois   ∞          Reflect  .   i - +1 hat
rElec   +          Harm     .   y - +0 cloak
rCorr   .          Rampage  .   (no gloves)
Will    .....                   (no boots)
Stlth   ++........              (no amulet)
HPRegen 0.14/turn               h - ring of positive energy
MPRegen 0.15/turn               (no ring)

@: ice-armoured
A: sickness immunity, AC +5, negative energy resistance 1, electricity
resistance, torment resistance 1, petrification resistance
a: no special abilities


You were on level 6 of the Dungeon.
You visited 1 branch of the dungeon, and saw 7 of its levels.

You collected 232 gold pieces.

Inventory:

Hand Weapons
 a - a +0 hunting sling
 b - a +5 hand axe (weapon)
 g - a +0 spear
 n - a +1 dagger of holy wrath
 B - a +0 shortbow
Missiles
 c - 76 stones
 d - 8 boomerangs
 e - 16 poisoned darts
 l - a throwing net
 q - 98 arrows
 s - 36 bolts
Armour
 i - a +1 hat (worn)
 p - a +0 robe (worn)
 y - a +0 cloak (worn)
Jewellery
 h - a ring of positive energy (left hand)
Scrolls
 f - 2 scrolls of blinking
 o - 2 scrolls of fear {unknown}
 v - a scroll of torment {unknown}
 x - a scroll of noise {unknown}
 A - a scroll of teleportation {unknown}
Potions
 j - 2 potions of brilliance
 k - a potion of invisibility
 m - 3 potions of heal wounds
 r - a potion of lignification
 t - a potion of curing
 w - 2 potions of berserk rage
 z - 2 potions of degeneration {unknown}


   Skills:
 + Level 1.1 Fighting
 + Level 1.2 Short Blades
 + Level 2.0 Axes
 + Level 1.2(1.3) Slings
 + Level 0.1(0.7) Throwing
 + Level 2.7 Dodging
 + Level 3.0 Stealth
 * Level 5.8 Spellcasting
 + Level 1.8 Conjurations
 + Level 6.0 Ice Magic
 + Level 1.0 Air Magic


You had 10 spell levels left.
You knew the following spells:

 Your Spells              Type           Power      Damage    Failure   Level
a - Freeze                Ice            100%       1d11      1%          1
b - Frozen Ramparts       Ice            50%        1d7       3%          3
c - Shock                 Conj/Air       36%        1d5       8%          1
d - Ozocubu's Armour      Ice            25%        N/A       3%          3

Your spell library contained the following spells:

 Spells                   Type           Power      Damage    Failure   Level
 Beastly Appendage        Tmut           8%         N/A       13%         1
 Wereblood                Tmut           4%         N/A       21%         2
 Swiftness                Air            8%         N/A       26%         3
 Hailstorm                Conj/Ice       18%        3d6       26%         4
 Spider Form              Tmut/Pois      2%         N/A       36%         3
 Airstrike                Air            4%         N/A       63%         4


Dungeon Overview and Level Annotations

Branches:
Dungeon (7/15)             Temple (0/1) D:4

Altars:
Kikubaaqudgha
Okawaru
Qazlal


Innate Abilities, Weirdness & Mutations

You are immune to sickness and miasma.
Your stone body is resilient. (AC +5)
You are immune to poison.
You resist negative energy. (rN+)
You are resistant to electric shocks. (rElec)
You are resistant to unholy torment.
You are immune to petrification.


Message History

You kill the orc wizard!
The frozen ramparts melt away.
An ice beast comes into view.
Items here: )) [[ ††.
You see here an amulet of faith.
Casting: Freeze (safe; 1% risk of failure)
Confirm with . or Enter, or press ? or * to list all spells.
A film of ice covers your body!
The ice beast hits you but does no damage.
Aiming: Shock (safe; 8% risk of failure)
Press: ? - help, Q - select action, (/) - cycle Shift-Dir - straight line That beam is likely to hit you.
Continue anyway?
Okay, then.
You hit the ice beast.
The ice beast is lightly wounded.
The ice beast misses you.
You hit the ice beast.
The ice beast is moderately wounded.
The ice beast closely misses you.
The ice beast hits you but does no damage.
You closely miss the ice beast.
The ice beast is moderately wounded.
The ice beast hits you but does no damage.
You hit the ice beast.
The ice beast is moderately wounded.
The ice beast hits you. The ice beast freezes you!
You closely miss the ice beast.
The ice beast is moderately wounded.
The ice beast hits you. The ice beast freezes you!
* * * LOW HITPOINT WARNING * * *
You hit the ice beast.
The ice beast is moderately wounded.
The ice beast hits you but does no damage.
You hit the ice beast.
The ice beast is heavily wounded.
The ice beast hits you but does no damage.
The ice beast hits you.
* * * LOW HITPOINT WARNING * * *
The ice beast freezes you!
You die...

##............# #...
#.............# #.##
##........####..## ..
#........## #...#
#........## ##...#
#..........###.......
.....##.............##
....# ##......#####.#
....# ##@.....####
......####Y........
.....Y....#.......
((.(......####....
..........# ##..
...####...# . .. ##..#
...# ....#


You could see an ice beast.

Vanquished Creatures
  A black bear (D:4)
  A centaur (D:6)
  A phantom (D:4)
  3 scorpions
  4 killer bees (D:5)
  2 vampire bats (D:3)
  A bullfrog zombie (D:5)
  An iguana (D:5)
  An orc priest (D:3)
  Terence (D:3)
  3 orc wizards
  A hound zombie (D:5)
  A hound skeleton (D:4)
  Robin (D:3)
  7 adders
  An adder skeleton (D:4)
  A worm (D:5)
  A dart slug (D:4)
  4 orcs
  8 ball pythons
  3 bat skeletons (D:3)
  4 bat zombies (D:3)
  7 endoplasms
  3 giant cockroaches
  15 goblins
  7 hobgoblins
  12 jackals (D:1)
  13 kobolds
  3 quokkas
  4 bats
  5 frilled lizards
  8 rats
128 creatures vanquished.

Notes
Turn   | Place    | Note
-------+----------+-------------------------------------------
     0 | D:1      | dracfodder the Gargoyle Ice Elementalist began the quest
                  | for the Orb.
     0 | D:1      | Reached XP level 1. HP: 10/10 MP: 3/3
   240 | D:1      | Reached XP level 2. HP: 13/15 MP: 0/5
   721 | D:1      | Reached XP level 3. HP: 14/19 MP: 1/6
  1060 | D:2      | Reached skill level 1 in Short Blades
  1084 | D:2      | Learned a level 3 spell: Frozen Ramparts
  1086 | D:2      | Learned a level 1 spell: Shock
  1152 | D:2      | Found a stormy altar of Qazlal.
  1211 | D:2      | Found a faded altar of an unknown god.
  1549 | D:1      | Reached XP level 4. HP: 24/24 MP: 1/7
  2495 | D:3      | Found an ancient bone altar of Kikubaaqudgha.
  2523 | D:3      | Reached skill level 1 in Conjurations
  2523 | D:3      | Reached XP level 5. HP: 11/28 MP: 1/9
  2779 | D:3      | Learned a level 3 spell: Ozocubu's Armour
  2871 | D:3      | Noticed Robin
  2881 | D:3      | Reached skill level 1 in Axes
  2883 | D:3      | Killed Robin
  3265 | D:3      | Reached XP level 6. HP: 25/33 MP: 1/10
  3268 | D:3      | Reached skill level 5 in Ice Magic
  3375 | D:3      | Noticed Terence
  3386 | D:3      | Killed Terence
  3541 | D:3      | Found an iron altar of Okawaru.
  4497 | D:4      | Reached XP level 7. HP: 37/37 MP: 6/13
  4944 | D:4      | Found a staircase to the Ecumenical Temple.
  5491 | D:5      | Entered Level 5 of the Dungeon
  5659 | D:5      | Found a stormy altar of Qazlal.
  5752 | D:5      | Reached skill level 1 in Fighting
  5970 | D:5      | Reached skill level 1 in Slings
  5970 | D:5      | Reached skill level 5 in Spellcasting
  6005 | D:5      | Reached XP level 8. HP: 25/43 MP: 6/15
  6504 | D:5      | Reached skill level 1 in Air Magic
  6755 | D:5      | Upgraded the game from 0.28-a0-422-gd71735cc25 to
                  | 0.28-a0-425-gd0eccab798
  6989 | D:6      | Reached skill level 6 in Ice Magic
  7051 | D:6      | Mangled by an ice beast

Illustrated notes

Levels and vault maps discovered:
D:1:      amcnicky_arrival_gap_in_the_tavern_cellar, layout_loops_ring
D:2:      layout_rooms, basic_altar, ebering_ecumenical_altar_sacrificial
D:3:      layout_loops_cross, okawaru_metal_pillars_1_2,
          kennysheep_vampire_church, minmay_diced_spiral, uniq_terence,
          uniq_robin
D:4:      layout_basic, minmay_temple_entry_butterflies
D:5:      layout_loops_ring, nicolae_qazlal_general_emergency,
          saegor_snake_ambush
D:6:      layout_layer_cave, mainiacjoe_overflow_six_doors_small,
          kennysheep_little_box
D:7:      layout_basic, hex_intersection, uniq_prince_ribbit1

Skill      XL: |  1  2  3  4  5  6  7  8 |
---------------+-------------------------+-----
Short Blades   | 1 |  1.2
Dodging        | 2 |  2.7
Conjurations   | 1 |  1.8
Spellcasting   | 3 4 5 |  5.8
Axes           | 1 2 |  2.0
Ice Magic      | 5 6 |  6.0
Fighting       | 1 |  1.1
Slings         | 1 |  1.2
Stealth        | 3 |  3.0
Air Magic      | 1 |  1.0
Throwing       | |  0.1

Action                   |  1- 3 |  4- 6 |  7- 9 || total
-------------------------+-------+-------+-------++-------
Melee: Short sword       |    67 |     1 |       ||    68
       Hand axe          |       |    53 |    27 ||    80
       Dagger            |       |       |    18 ||    18
 Fire: Hunting sling     |       |     2 |    16 ||    18
Throw: Stone             |     3 |       |       ||     3
       Dart              |       |     1 |       ||     1
 Cast: Freeze            |    45 |    17 |    11 ||    73
       Shock             |     6 |    51 |    27 ||    84
       Frozen Ramparts   |     2 |    13 |    15 ||    30
       Ozocubu's Armour  |       |     2 |     2 ||     4
  Use: Scroll            |       |     9 |     2 ||    11
       Potion            |       |     2 |       ||     2
Armor: Robe              |    38 |    49 |    29 ||   116
Dodge: Dodged            |    69 |    94 |    46 ||   209

Table legend: (Time is in decaauts)
 A = Elapsed time spent in this place.
 B = Non-inter-level travel time spent in this place.
 C = Inter-level travel time spent in this place.
 D = Time resting spent in this place.
 E = Time spent auto-exploring this place.
 F = Levels seen in this place.
 G = Mean time per level.
                   A        B        C        D        E       F      G
               +--------+--------+--------+--------+--------+-----+--------+
         Total |   7096 |   6944 |    152 |   2811 |   2914 |   7 | 1013.7 |
       Dungeon |   7096 |   6944 |    152 |   2811 |   2914 |   7 | 1013.7 |
               +--------+--------+--------+--------+--------+-----+--------+

Top non-repeatable levels by time:
     D:1: 1621 daAuts
     D:4: 1586 daAuts
     D:3: 1502 daAuts
     D:5: 1246 daAuts
     D:2: 855 daAuts
     D:6: 255 daAuts
     D:7: 27 daAuts
